 Dungeon Crawl Stone Soup version 0.31-a0-236-g9a0961fb85 (webtiles) character file.

Game seed: 7411659064542932772

106 qw the Shooter (level 4, -1/36 HPs)
             Began as a Minotaur Hexslinger on July 10, 2023.
             Slain by Ijyb
             ... wielding a +0 dagger
              (2 damage)
             ... on level 3 of the Dungeon.
             The game lasted 00:00:36 (1668 turns).

qw the Shooter (Minotaur Hexslinger)                Turns: 1668, Time: 00:00:36

Health: -1/36      AC:  5    Str: 12    XL:     4   Next: 55%
Magic:  4/4        EV: 11    Int: 10    God:
Gold:   103        SH:  0    Dex: 15    Spells: 4/5 levels left

rFire   . . .        Y - +1 sling
rCold   . . .        (no shield)
rNeg    . . .        f - +0 ring mail
rPois   .            (helmet restricted)
rElec   .            (no cloak)
rCorr   .            (no gloves)
SInv    .            (no boots)
Will    .....        (no amulet)
Stlth   +            (no ring)
HPRegen 0.26/turn    (no ring)
MPRegen 0.09/turn

%: no passive effects
@: no status effects
A: horns 2, retaliatory headbutt
a: no special abilities


You were on level 3 of the Dungeon.
You visited 1 branch of the dungeon, and saw 3 of its levels.

You collected 103 gold pieces.


Innate Abilities, Weirdness & Mutations

You have a pair of horns on your head.
You reflexively headbutt those who attack you in melee.


   Skills:
 - Level 2.0 Fighting
 + Level 4.6 Ranged Weapons
 - Level 2.0 Armour
 - Level 2.1 Dodging
 - Level 1.0 Spellcasting
 - Level 2.0 Hexes


You had 4 spell levels left.
You knew the following spells:

 Your Spells              Type           Power      Damage    Failure   Level
a - Slow                  Hex            16%        N/A       32%         1

Your spell library contained the following spells:

 Spells                   Type           Power      Damage    Failure   Level
 Inner Flame              Hex/Fire       2%         N/A       83%         3
 Portal Projectile        Hex/Tloc       4%         N/A       83%         3
 Cause Fear               Hex            2%         N/A       97%         4

Inventory:

Hand Weapons
 Y - a +1 sling (weapon)
Armour
 f - a +0 ring mail (worn)
Potions
 a - a potion of curing {unknown}
 b - a potion of mutation {unknown}
 d - a potion of invisibility {unknown}
 g - a potion of attraction {unknown}
 i - a potion of haste {unknown}

Dungeon Overview and Level Annotations

Branches:
Dungeon (3/15)

Altars:
Ashenzari

Annotations:
D:1 1 transporter
D:2 1 runed translucent door, Crazy Yiuf
D:3 Grinder, Ijyb


Message History

You kill the hobgoblin!
Ijyb zaps a wand.
Your mind is blasted!
You shoot a sling bullet. The sling bullet closely misses Ijyb.
You shoot a sling bullet.
The sling bullet hits Ijyb but does no damage.
You shoot a sling bullet.
The sling bullet hits Ijyb but does no damage.
Ijyb zaps a wand.
You barely resist. Ijyb hits you with a +0 dagger.
You shoot a sling bullet. The sling bullet misses Ijyb.
Ijyb hits you with a +0 dagger.
You shoot a sling bullet.
The sling bullet hits Ijyb but does no damage.
Ijyb hits you with a +0 dagger.
Grinder comes into view.
You shoot a sling bullet. The sling bullet barely misses Ijyb.
Ijyb zaps a wand.
Your mind is blasted!
You shoot a sling bullet. The sling bullet closely misses Ijyb.
Ijyb hits you but does no damage. Grinder gestures at you.
You suddenly lose the ability to move!
Ijyb zaps a wand.
You barely resist. Ijyb hits you but does no damage.
You can move again.
You shoot a sling bullet. The sling bullet hits Ijyb.
Ijyb is lightly wounded.
Ijyb zaps a wand.
You barely resist. You shoot a sling bullet.
The sling bullet hits Ijyb but does no damage.
Ijyb is lightly wounded.
Ijyb hits you with a +0 dagger.
You shoot a sling bullet. The sling bullet misses Ijyb.
Grinder says, "My boss said I was rubbish.
His entrails said otherwise."
Grinder blinks!
Ijyb hits you with a +0 dagger. x2
You shoot a sling bullet. The sling bullet hits Ijyb.
Ijyb is moderately wounded.
Ijyb hits you with a +0 dagger.
You shoot a sling bullet.
The sling bullet hits Ijyb but does no damage.
Ijyb is moderately wounded.
Ijyb hits you with a +0 dagger.
You die...

#........#
#........#
#........#
###........#
...........#
...5.......#
#.ยค..g...#
#@..# #.###
#.#######
#.......#
#######.#
#....#
#.#..#####
#.......<#
#.#..#####


You could see Grinder and Ijyb.

Vanquished Creatures
  Terence (D:2)
  3 adders (D:2)
  2 worms (D:2)
  3 ball pythons (D:1)
  3 bats (D:1)
  2 endoplasms
  3 giant cockroaches
  A goblin (D:2)
  3 hobgoblins
  9 jackals (D:1)
  4 kobolds
  3 quokkas
  6 frilled lizards
  2 rats
45 creatures vanquished.

Notes
Turn   | Place    | Note
-------+----------+-------------------------------------------
     0 | D:1      | qw the Minotaur Hexslinger began the quest for the Orb.
     0 | D:1      | Reached XP level 1. HP: 16/16 MP: 1/1
     0 | D:1      | 0 ||| qw: Version: 0.3-a-52-g30416fa
     0 | D:1      | 0 ||| qw: Game counter: 4689
     0 | D:1      | 0 ||| qw: Melee chars always use a shield: true
     0 | D:1      | 0 ||| qw: God list: Okawaru
     0 | D:1      | 0 ||| qw: Allow faded altars: false
     0 | D:1      | 0 ||| qw: Do Orc after clearing Dungeon:15 true
     0 | D:1      | 0 ||| qw: Do second Lair branch before Depths: true
     0 | D:1      | 0 ||| qw: Lair rune preference: random
     0 | D:1      | 0 ||| qw: Goals: Normal
     0 | D:1      | 0 ||| PLANNING D:1-11
   167 | D:1      | Reached skill level 3 in Ranged Weapons
   167 | D:1      | Reached XP level 2. HP: 23/23 MP: 2/2
   589 | D:1      | Reached XP level 3. HP: 29/29 MP: 3/3
   810 | D:1      | 810 ||| UPGRADING to +0 ring mail.
   820 | D:1      | 820 ||| DROPPING +0 robe.
   821 | D:1      | 821 ||| READING scroll labelled YSCHAIN YTZAG.
   822 | D:1      | 822 ||| DROPPING scroll of poison.
   903 | D:2      | Noticed Terence
   910 | D:2      | Reached skill level 4 in Ranged Weapons
   912 | D:2      | HP: 4/29 [worm (6)]
   913 | D:2      | 913 ||| DRINKING potion of heal wounds.
   917 | D:2      | Killed Terence
   918 | D:2      | Reached XP level 4. HP: 25/36 MP: 4/4
  1026 | D:2      | Found a broken altar of Ashenzari.
  1505 | D:2      | Found a runed translucent door.
  1506 | D:2      | Noticed Crazy Yiuf
  1593 | D:2      | 1593 ||| READING scroll labelled YCKIOL HAZAGG.
  1594 | D:2      | 1594 ||| DRINKING 2 white potions.
  1595 | D:2      | 1595 ||| DROPPING potion of magic.
  1651 | D:3      | Noticed Ijyb
  1660 | D:3      | Noticed Grinder
  1661 | D:3      | HP: 8/36 [disintegration (9)]
  1662 | D:3      | Paralysed by Grinder for 2 turns
  1666 | D:3      | HP: 4/36 [Ijyb/+0 dagger (5)]
  1667 | D:3      | HP: 1/36 [Ijyb/+0 dagger (2)]
  1668 | D:3      | Slain by Ijyb

Levels and vault maps discovered:
D:1:      spicycebolla_arrival_risky_transporter, layout_loops_cross,
          minmay_misc_feat_room
D:2:      layout_basic, basic_altar, uniq_crazy_yiuf_cottage, uniq_terence
D:3:      layout_basic, ashenzari_conservatory_becter,
          nicolae_overflow_hidden_temple, nicolae_overflow_two_pavilions,
          serial_shops, shop, uniq_robin, uniq_ijyb, uniq_grinder

Skill      XL: |  1  2  3 |
---------------+----------+-----
Ranged Weapons | 3 4 |  4.6
Fighting       | 2 |  2.0
Armour         | 2 |  2.0
Dodging        | |  2.1
Spellcasting   | |  1.0
Hexes          | |  2.0

Action                     |  1- 3 |  4- 6 || total
---------------------------+-------+-------++-------
   Fire: Sling             |    86 |    66 ||   152
    Use: Scroll            |     1 |     1 ||     2
         Potion            |     1 |     1 ||     2
 Armour: Robe              |     6 |       ||     6
         Ring mail         |     2 |    10 ||    12
  Dodge: Dodged            |    55 |    18 ||    73

Table legend:
 A = Non-vault XP
 B = Vault XP
 C = Vault XP percentage of total XP
 D = Non-vault monster count
 E = Vault monster count
 F = Vault count percentage of total count
                 A         B        C        D         E       F
            +---------+---------+-------+---------+---------+-------
      Total |     116 |      36 |  23.7 |      44 |       1 |   2.2
            +---------+---------+-------+---------+---------+-------
        D:1 |      44 |       0 |   0.0 |      26 |       0 |   0.0
        D:2 |      70 |      36 |  34.0 |      17 |       1 |   5.6
        D:3 |       2 |       0 |   0.0 |       1 |       0 |   0.0
            +---------+---------+-------+---------+---------+-------
